 Dungeon Crawl Stone Soup version 0.25-a0-294-gea9b1ad378 (webtiles) character file.

Game seed: 9334032242200287477, levelgen mode: deterministic

176 Lanoc the Caller (level 5, -7/35 HPs)
             Began as a Merfolk Summoner on Dec 17, 2019.
             Was an Initiate of Ashenzari.
             Killed by divine providence
             ... invoked by an orc priest
              (11 damage)
             ... on level 4 of the Dungeon.
             The game lasted 00:06:47 (3179 turns).

Lanoc the Caller (Merfolk Summoner)                 Turns: 3179, Time: 00:06:48

Health: -7/35      AC:  9    Str:  9    XL:     5   Next: 56%
Magic:  5/8        EV: 14    Int: 15    God:    Ashenzari [......]
Gold:   2          SH:  0    Dex: 14    Spells: 2/8 levels left

rFire    . . .     SeeInvis .   e - +1 dagger (vamp)
rCold    . . .     Gourm    .   (no shield)
rNeg     . . .     Faith    .   s - +2 robe {MR+}
rPois    .         Spirit   .   m - +2 helmet
rElec    .         Reflect  .   (no cloak)
rCorr    .         Harm     .   i - +1 pair of gloves
MR       +....                  (no boots)
Stlth    ++........             p - amulet of rage (curse)
HPRegen  0.11/turn              (no ring)
MPRegen  0.11/turn              (no ring)

@: no status effects
A: change form in water, swift swim, stealthy swim
a: Curse Item, Renounce Religion, Evoke Berserk Rage


You were on level 4 of the Dungeon.
You worshipped Ashenzari.
Ashenzari was noncommittal.
You were not hungry.

You visited 1 branch of the dungeon, and saw 4 of its levels.

You collected 142 gold pieces.
You spent 140 gold pieces at shops.

Inventory:

Hand Weapons
 e - a +1 vampiric dagger (weapon)
Missiles
 h - 8 curare-tipped darts (quivered)
Armour
 i - a +1 pair of gloves (worn)
 m - a +2 helmet (worn)
 s - a +2 robe of magic resistance (worn)
Jewellery
 p - a cursed amulet of rage (around neck)
Wands
 u - a wand of acid (13)
Scrolls
 b - a scroll of enchant armour
 j - a scroll of magic mapping {unknown}
 k - 2 scrolls of teleportation
 n - 2 scrolls of amnesia {unknown}
 q - 2 scrolls of remove curse
 r - 2 scrolls of immolation {unknown}
 t - a scroll of enchant weapon {unknown}
Potions
 a - 2 potions of flight {unknown}
 d - a potion of cancellation {unknown}
 f - 2 potions of brilliance
 g - a potion of haste
 l - 2 potions of heal wounds
 o - 3 potions of curing
Comestibles
 c - 14 rations
 v - 2 chunks of flesh


   Skills:
 + Level 4.7 Dodging
 - Level 2.1 Stealth
 - Level 2.0 Spellcasting
 * Level 5.9 Summonings


You had 2 spell levels left.
You knew the following spells:

 Your Spells              Type           Power        Failure   Level  Hunger
a - Summon Small Mammal   Summ           ###.         1%          1    #......
b - Call Imp              Summ           ###.....     3%          2    ###....
c - Call Canine Familiar  Summ           ###.....     6%          3    ###....

Your spell library contained the following spells:

 Spells                   Type           Power        Failure   Level  Hunger
 Magic Dart               Conj           #...         22%         1    #......
 Searing Ray              Conj           #.....       32%         2    ###....
 Summon Guardian Golem    Hex/Summ       ##......     21%         3    ###....
 Dazzling Flash           Conj/Hex       #.....       54%         3    ###....
 Summon Ice Beast         Ice/Summ       ##......     54%         4    #####..
 Summon Lightning Spire   Summ/Air       ##......     54%         4    #####..
 Fulminant Prism          Conj/Hex       #.........   91%         4    #####..
 Iskenderun's Mystic Bla  Conj/Tloc      #.......     91%         4    #####..


Dungeon Overview and Level Annotations

Branches:
Dungeon (4/15)
 Temple: D:4-7

Altars:
Ashenzari

Shops:
D:4 ?[*


Message History

The orc hits your hound with a +0 club. The orc priest misses your hound.
The orc priest mumbles some strange prayers to Beogh against you.
Beogh smites you!
An orc comes into view. It is wielding a +0 hand axe.
The orc hits your hound with a +0 club. Something barely misses your hound.
Your hound bites the orc.
The orc priest invokes the aid of Beogh against you.
Beogh smites you!
* * * LOW HITPOINT WARNING * * *
The adder skeleton barely misses your hound.
Your hound barely misses the orc.
Your hound bites the orc. x2
The orc dies!
Your hound bites the orc priest.
Your hound misses the orc priest.
The orc priest barely misses your hound.
Your hound bites the orc priest.
The orc priest mumbles some strange prayers to Beogh against you.
Beogh smites you!
You die...

##############
#.h.....@....#
#o##########.# ##
.o.Z #.# ..
##.o###.######.##
#. #...
..........# #.
##.# #.######..#
#. #.# #..# #)
..# #..#####.# #.
#........# #.


You could see an orc priest and a friendly hound.

Vanquished Creatures
  An adder (D:2)
  A worm (D:2)
  2 dart slugs
  2 orcs (D:4)
  2 giant cockroaches
  6 goblins
  3 hobgoblins
  4 jackals (D:4)
  A quokka (D:3)
  4 bats
  4 frilled lizards
  3 kobolds
  3 rats
36 creatures vanquished.

Vanquished Creatures (collateral kills)
  An ogre (D:4)
  2 bullfrog skeletons (D:4)
  Jessica (D:2)
  A leopard gecko (D:3)
  5 orcs
  3 goblins
  4 hobgoblins
  4 kobolds
  3 bats
  2 rats
26 creatures vanquished.

Grand Total: 62 creatures vanquished

Notes
Turn   | Place    | Note
-------+----------+-------------------------------------------
     0 | D:1      | Lanoc the Merfolk Summoner began the quest for the Orb.
     0 | D:1      | Reached XP level 1. HP: 13/13 MP: 3/3
   630 | D:1      | Reached XP level 2. HP: 19/19 MP: 5/5
  1450 | D:1      | Learned a level 2 spell: Call Imp
  1918 | D:2      | Reached XP level 3. HP: 24/24 MP: 6/6
  2088 | D:2      | Noticed Jessica
  2116 | D:2      | Killed Jessica
  2139 | D:2      | Learned a level 3 spell: Call Canine Familiar
  2257 | D:2      | Reached skill level 5 in Summonings
  2299 | D:2      | Reached XP level 4. HP: 21/30 MP: 7/7
  2419 | D:3      | Found a shattered altar of Ashenzari.
  2437 | D:3      | Became a worshipper of Ashenzari the Shackled
  2476 | D:3      | Found a faded altar of an unknown god.
  2867 | D:4      | Found Ampafuargh's Assorted Antiques.
  2878 | D:4      | Bought a scroll of identify for 44 gold pieces
  2878 | D:4      | Bought a scroll labeled GOJUYTR XI ESU for 22 gold pieces
  2878 | D:4      | Bought a bubbling dark potion for 19 gold pieces
  2878 | D:4      | Bought a bubbling dark potion for 19 gold pieces
  2949 | D:4      | Reached XP level 5. HP: 35/35 MP: 8/8
  2993 | D:4      | Noticed an ogre
  3014 | D:4      | Killed an ogre
  3073 | D:4      | Found Vomux's Armour Shoppe.
  3073 | D:4      | Found Cauwnew's Magic Scroll Emporium.
  3085 | D:4      | Bought a scroll of teleportation for 36 gold pieces
  3179 | D:4      | Killed from afar by an orc priest

Levels and vault maps discovered:
D:1:      lemuel_arrival_tunnels, layout_loops_corners, serial_forest,
          infiniplex_forest_zigzag_2, infiniplex_forest_clump_double,
          infiniplex_forest_straight_4, infiniplex_forest_lined_3,
          infiniplex_forest_join, infiniplex_forest_clump_long,
          infiniplex_forest_clump_small, infiniplex_forest_split, minivault_19,
          minmay_split_cup_large
D:2:      layout_rooms, first_ration, uniq_jessica
D:3:      layout_rooms, chequers_ecumenical_altar_simple_redux,
          ashenzari_altar_1
D:4:      wander_river, layout_loops_ring, serial_shops, shop, shop,
          shop_fountains, shop_fountains

Skill      XL: |  1  2  3  4 |
---------------+-------------+-----
Dodging        | 3 4 |  4.7
Summonings     | 5 |  5.9
Stealth        | |  2.1
Spellcasting   | |  2.0

Action                   |  1- 3 |  4- 6 || total
-------------------------+-------+-------++-------
Melee: Unarmed           |    15 |       ||    15
       Dagger            |   119 |   103 ||   222
       Club              |     6 |       ||     6
 Cast: Summon Small Mamm |    13 |       ||    13
       Call Imp          |     5 |     1 ||     6
       Call Canine Famil |     2 |     6 ||     8
  Use: Scroll            |     4 |     3 ||     7
 Stab: Sleeping          |     4 |     3 ||     7
       Distracted        |     1 |     1 ||     2
  Eat: Chunk             |     5 |     4 ||     9
Armor: Robe              |    32 |    31 ||    63
Dodge: Dodged            |    84 |    65 ||   149

Table legend:
 A = Non-vault XP
 B = Vault XP
 C = Vault XP percentage of total XP
 D = Non-vault monster count
 E = Vault monster count
 F = Vault count percentage of total count
                 A         B        C        D         E       F
            +---------+---------+-------+---------+---------+-------
      Total |     223 |      29 |  11.5 |      57 |       5 |   8.1
            +---------+---------+-------+---------+---------+-------
        D:1 |      28 |       5 |  15.2 |      18 |       4 |  18.2
        D:2 |      26 |      24 |  48.0 |      12 |       1 |   7.7
        D:3 |      19 |       0 |   0.0 |      13 |       0 |   0.0
        D:4 |     150 |       0 |   0.0 |      14 |       0 |   0.0
            +---------+---------+-------+---------+---------+-------
